 Dungeon Crawl Stone Soup version 0.28-a0-691-gad6df49e81 (webtiles) character file.

Game seed: 9276002518689967953

1288 Towns the Insei (level 8, 0/54 HPs)
             Began as an Octopode Transmuter on Oct 20, 2021.
             Slain by an orc priest (2 damage)
             ... on level 4 of the Dungeon on Oct 21, 2021.
             The game lasted 00:27:00 (6761 turns).

Towns the Insei (Octopode Transmuter)               Turns: 6761, Time: 00:27:01

Health: 0/54       AC:  1    Str:  9    XL:     8   Next: 55%
Magic:  15/15      EV: 17    Int: 16    God:
Gold:   178        SH:  4    Dex: 14    Spells: 15/16 levels left

rFire   . . .      SeeInvis .     - Unarmed
rCold   . . .      Faith    .   t - +0 buckler
rNeg    . . .      Spirit   .   (helmet currently unavailable)
rPois   .          Reflect  .   (no amulet)
rElec   .          Harm     .   a - +4 ring of evasion
rCorr   .          Rampage  .   (no ring)
Will    .....                   (no ring)
Stlth   ++++......              (no ring)
HPRegen 0.18/turn               (no ring)
MPRegen 0.14/turn               (no ring)
                                (no ring)
                                (no ring)

@: appendages
A: tentacle spike 3, almost no armour, amphibious, 8 rings, camouflage 1,
gelatinous body 1, (nimble swimmer 1), tentacles
a: End Transformation


You were on level 4 of the Dungeon.
One of your tentacles had grown a beastly spike.
You visited 1 branch of the dungeon, and saw 5 of its levels.

You collected 178 gold pieces.

Inventory:

Missiles
 c - 61 stones (quivered)
 j - 4 javelins
 m - 70 sling bullets
Armour
 t - a +0 buckler (worn)
Jewellery
 a - a +4 ring of evasion (left tentacle)
 f - a ring of ice
Wands
 k - a wand of digging (4)
 v - a wand of paralysis (13)
Scrolls
 d - a scroll of brand weapon {unknown}
 g - 5 scrolls of identify
 i - a scroll of silence {unknown}
 l - a scroll of immolation
 n - a scroll of magic mapping
 o - a scroll of enchant weapon {unknown}
 q - 3 scrolls of vulnerability {unknown}
 r - a scroll of teleportation {unknown}
 s - a scroll of enchant armour {unknown}
 u - a scroll of fog {unknown}
 w - a scroll of blinking {unknown}
Potions
 b - a potion of berserk rage {unknown}
 e - 2 potions of attraction
 p - 2 potions of resistance {unknown}


   Skills:
 + Level 4.9 Fighting
 - Level 2.0 Dodging
 - Level 5.0 Stealth
 + Level 2.6 Shields
 + Level 5.8 Unarmed Combat
 + Level 4.8 Spellcasting
 - Level 3.0 Transmutations


You had 15 spell levels left.
You knew the following spells:

 Your Spells              Type           Power      Damage    Failure   Level
a - Beastly Appendage     Tmut           26%        N/A       5%          1

Your spell library contained the following spells:

 Spells                   Type           Power      Damage    Failure   Level
 Wereblood                Tmut           13%        N/A       9%          2
 Spider Form              Tmut/Pois      4%         N/A       30%         3
 Ice Form                 Ice/Tmut       8%         N/A       69%         4


Dungeon Overview and Level Annotations

Branches:
Dungeon (5/15)
 Temple: D:4-7

Altars:
Kikubaaqudgha
Makhleb
Okawaru
Wu Jian
The Shining One

Shops:
D:4 *

Annotations:
D:4 Sigmund
D:5 2 transporters, mdk's ghost, novice OpCj


Innate Abilities, Weirdness & Mutations

One of your tentacles has grown a beastly spike.
You cannot wear most types of armour.
You are amphibious.
You can wear up to eight rings at the same time.
Your skin changes colour to match your surroundings (Stealth+).
Your rubbery body absorbs attacks. (AC +1, EV +1)
((You are camouflaged near water. (Stealth+)))
You have tentacles for arms and can constrict up to eight enemies at once.


Message History

Your tentacle spike misses the sky beast.
The sky beast is moderately wounded.
The sky beast hits you. The sky beast shocks you.
You tentacle-slap the sky beast.
The sky beast is heavily wounded.
You block the sky beast's attack.
You closely miss the sky beast.
The sky beast is heavily wounded.
The sky beast hits you. The sky beast shocks you.
You tentacle-slap the sky beast but do no damage.
You pierce the sky beast, but do no damage.
The sky beast is heavily wounded.
The sky beast hits you. The sky beast shocks you.
You bludgeon the sky beast!
The sky beast is severely wounded.
The orc priest casts a cantrip, but nothing happens.
The sky beast misses you. The orc priest barely misses you.
The sky beast flickers out of sight!
Deactivating autopickup; reactivate with Ctrl-A.
Something hits you. Something shocks you.
You closely miss something.
Your tentacle spike misses something.
The orc priest looks encouraged for a moment.
Something completely misses you.
You barely miss something.
Your tentacle spike misses something.
The orc priest barely misses you. Something completely misses you.
You bludgeon something!
Reactivating autopickup.
You feel a bit more experienced.
The orc priest invokes the aid of Beogh against you.
Beogh smites you!
* * * LOW HITPOINT WARNING * * *
You barely miss the orc priest. You grab the orc priest.
You pierce the orc priest, but do no damage.
You constrict the orc priest. The orc priest hits you with a +0 whip.
* * * LOW HITPOINT WARNING * * *
You tentacle-slap the orc priest but do no damage.
You pierce the orc priest.
The orc priest is moderately wounded.
You constrict the orc priest. The orc priest hits you with a +0 whip.
You die...

......##**#.....)#####..........#
.......## ###....................
..#..#..######.#.........##......
**#.###.#.##.#.##................
###............................
##.........>....................
#...........................#...
##..###..#......o.....#....####.
#.##..#P#.....@....#.#[...####.
#.#P.._####........#.......##..
#.#..P.# #...........#.....#...
#...⌠._###.....................
###.P..#.#.................)...
#..._#.....#..............##.
##..##.....#.............####
#P##P#....................##.
######....................#..


You could see an orc priest.

Vanquished Creatures
  A sky beast (D:4)
  2 centaurs
  A black bear (D:5)
  A necrophage (D:5)
  A phantom (D:4)
  A bullfrog (D:4)
  4 scorpions
  A howler monkey (D:5)
  2 bullfrog zombies
  A hound (D:5)
  A jelly (D:5)
  An orc priest (D:3)
  A bullfrog skeleton (D:3)
  3 iguanas
  An orc wizard (D:3)
  Terence (D:2)
  A hound zombie (D:5)
  A howler monkey skeleton (D:5)
  4 adders
  An adder skeleton (D:4)
  A worm (D:3)
  A dart slug (D:1)
  12 orcs
  3 bats (D:1)
  6 endoplasms
  A giant cockroach (D:2)
  6 goblins
  5 hobgoblins
  2 jackals (D:5)
  2 quokkas (D:1)
  3 ball pythons
  7 frilled lizards
  9 kobolds
  3 rats
91 creatures vanquished.

Notes
Turn   | Place    | Note
-------+----------+-------------------------------------------
     0 | D:1      | Towns the Octopode Transmuter began the quest for the Orb.
     0 | D:1      | Reached XP level 1. HP: 13/13 MP: 3/3
   332 | D:1      | Reached XP level 2. HP: 18/18 MP: 5/5
  1038 | D:1      | Reached XP level 3. HP: 23/23 MP: 6/6
  1870 | D:2      | Noticed Terence
  2148 | D:2      | Killed Terence
  2149 | D:2      | Reached XP level 4. HP: 20/29 MP: 5/8
  2794 | D:3      | Reached XP level 5. HP: 28/35 MP: 9/9
  3059 | D:3      | Found a glowing golden altar of the Shining One.
  3061 | D:3      | Found an ancient bone altar of Kikubaaqudgha.
  3263 | D:3      | Reached skill level 1 in Stealth
  3457 | D:3      | Reached XP level 6. HP: 42/42 MP: 8/10
  4567 | D:4      | Found Qeisavej's Gadget Gallery.
  4623 | D:4      | Reached XP level 7. HP: 36/46 MP: 10/12
  4623 | D:4      | Found an ornate altar of the Wu Jian Council.
  4623 | D:4      | Found a burning altar of Makhleb.
  4624 | D:4      | Found an iron altar of Okawaru.
  4701 | D:4      | Noticed Sigmund
  5495 | D:5      | Entered Level 5 of the Dungeon
  5548 | D:5      | Reached skill level 5 in Unarmed Combat
  5720 | D:5      | Reached skill level 1 in Shields
  5779 | D:5      | Reached XP level 8. HP: 27/54 MP: 14/14
  6070 | D:5      | Reached skill level 5 in Stealth
  6389 | D:5      | Noticed a hornet
  6408 | D:5      | Found a transporter.
  6408 | D:5      | Noticed mdk's ghost (novice OpCj)
  6412 | D:5      | Found a transporter.
  6760 | D:4      | HP: 1/54 [orc priest (2)]
  6761 | D:4      | Slain by an orc priest

Illustrated notes

Levels and vault maps discovered:
D:1:      lemuel_arrival_broad_hall, layout_loops_ring
D:2:      layout_rooms, st_stairs_2, uniq_terence
D:3:      layout_loops_ring, nicolae_overflow_hidden_temple
D:4:      layout_cave_pools, gammafunk_temple_overflow_forgotten,
          nicolae_shop_gadgets, uniq_sigmund
D:5:      layout_cave_pools, minmay_temple_entry_glassed_door,
          gammafunk_ghost_hive, uniq_duvessa

Skill      XL: |  1  2  3  4  5  6  7  8 |
---------------+-------------------------+-----
Fighting       | 2 3 4 |  4.9
Spellcasting   | 3 4 |  4.8
Transmutations | 3 |  3.0
Unarmed Combat | 4 5 |  5.8
Stealth        | 1 3 4 5 |  5.0
Shields        | 1 2 |  2.6
Dodging        | |  2.0

Action                   |  1- 3 |  4- 6 |  7- 9 || total
-------------------------+-------+-------+-------++-------
Melee: Unarmed           |    98 |   125 |   116 ||   339
       Constrict         |    24 |    18 |    22 ||    64
       Tentacles         |    11 |    19 |    19 ||    49
       Punch             |     5 |     2 |     2 ||     9
       Kick              |     7 |    11 |    24 ||    42
Throw: Stone             |    31 |    23 |    18 ||    72
       Javelin           |       |       |     3 ||     3
 Cast: Beastly Appendage |     6 |     8 |    12 ||    26
  Use: Scroll            |       |     3 |       ||     3
       Potion            |       |     1 |     2 ||     3
 Stab: Sleeping          |     6 |     7 |     5 ||    18
Armor: Skin              |     2 |     3 |     3 ||     8
Dodge: Dodged            |    58 |    79 |    81 ||   218
Block: Buckler           |       |       |    12 ||    12

Table legend: (Time is in decaauts)
 A = Elapsed time spent in this place.
 B = Non-inter-level travel time spent in this place.
 C = Inter-level travel time spent in this place.
 D = Time resting spent in this place.
 E = Time spent auto-exploring this place.
 F = Levels seen in this place.
 G = Mean time per level.
                   A        B        C        D        E       F      G
               +--------+--------+--------+--------+--------+-----+--------+
         Total |   6754 |   6529 |    225 |   3179 |   1588 |   5 | 1350.8 |
       Dungeon |   6754 |   6529 |    225 |   3179 |   1588 |   5 | 1350.8 |
               +--------+--------+--------+--------+--------+-----+--------+

Top non-repeatable levels by time:
     D:3: 2314 daAuts
     D:1: 1727 daAuts
     D:4: 1023 daAuts
     D:5: 940 daAuts
     D:2: 749 daAuts
